 Dungeon Crawl Stone Soup version 0.25-a0-200-g5ba96148f3 (console) character file.

Game seed: 5315804885397971872, levelgen mode: deterministic

788 Kagalorn the Quickloader (level 7, 0/62 HPs)
             Began as a Minotaur Hunter on Dec 2, 2019.
             Slain by an ogre
             ... wielding a +0 giant club
              (5 damage)
             ... on level 4 of the Dungeon.
             The game lasted 00:09:31 (3365 turns).

Kagalorn the Quickloader (Minotaur Hunter)          Turns: 3365, Time: 00:09:32

Health: 0/62       AC:  9    Str: 16 (19) XL:     7   Next: 56%
Magic:  6/6        EV:  7    Int:  7 (8)  God:
Gold:   203        SH:  0    Dex:  7 (10) Spells: 6/6 levels left

rFire    . . .     SeeInvis .   b - +1 whip (venom)
rCold    . . .     Gourm    .   (no shield)
rNeg     . . .     Faith    .   y - +0 chain mail
rPois    .         Spirit   .   (helmet restricted)
rElec    .         Reflect  .   i - +0 cloak
rCorr    .         Harm     .   (no gloves)
MR       .....                  (no boots)
Stlth    ..........             s - amulet of regeneration
HPRegen  0.60/turn              (no ring)
MPRegen  0.10/turn              (no ring)

@: no status effects
A: retaliatory headbutt, horns 2
a: no special abilities


You were on level 4 of the Dungeon.
You were not hungry.

You visited 1 branch of the dungeon, and saw 4 of its levels.

You collected 203 gold pieces.

Inventory:

Hand Weapons
 a - a +1 hand crossbow
 b - a +1 whip of venom (weapon)
 B - the +8 spear of Prudence {pierce, rElec rPois, unknown}
   (You found it on level 4 of the Dungeon)

   It inflicts extra damage upon your enemies.
   It insulates you from electricity.
   It protects you from poison.
Missiles
 d - 20 bolts
 l - 4 poisoned darts (quivered)
Armour
 i - a +0 cloak (worn)
 y - a +0 chain mail (worn)
Jewellery
 n - a +3 ring of intelligence {unknown}
 s - an amulet of regeneration (around neck)
Wands
 v - a wand of scattershot (2)
Scrolls
 g - a scroll of identify {unknown}
 j - a scroll of blinking {unknown}
 m - 5 scrolls of teleportation {unknown}
 o - a scroll of magic mapping {unknown}
 p - a scroll of remove curse {unknown}
 q - a scroll of random uselessness {unknown}
Potions
 c - a potion of invisibility {unknown}
 e - 4 potions of degeneration
 h - a potion of heal wounds {unknown}
 k - 2 potions of flight {unknown}
 r - a potion of ambrosia {unknown}
 t - 2 potions of resistance {unknown}
 u - a potion of brilliance {unknown}
 w - 2 potions of might {unknown}
 x - 2 potions of curing
 z - a potion of agility {unknown}
 A - a potion of lignification {unknown}
Comestibles
 f - 11 rations
 C - 2 chunks of flesh


   Skills:
 * Level 5.7 Fighting
 * Level 9.1 Crossbows
 - Level 2.1 Dodging
 - Level 0.7 Stealth


You had 6 spell levels left.
You didn't know any spells.
Your spell library was empty.

Dungeon Overview and Level Annotations

Branches:
Dungeon (4/15)
 Temple: D:4-7

Altars:
Dithmenos
Sif Muna
Uskayaw


Innate Abilities, Weirdness & Mutations

You reflexively headbutt those who attack you in melee.
You have a pair of horns on your head.


Message History

* * * LOW HITPOINT WARNING * * *
You feel sick.
You feel sick.
You are no longer poisoned.
There is a fountain of clear blue water here.
It was a potion of degeneration.
There was something very wrong with that liquid.
You feel weakened.
You feel dopey.
You feel clumsy. The ogre hits you with a +0 giant club.
* * * LOW HITPOINT WARNING * * *
There is a fountain of clear blue water here.
It was a potion of curing.
You feel better.
You hit the ogre.
The ogre is lightly wounded.
The ogre hits you with a +0 giant club!
* * * LOW HITPOINT WARNING * * *
You hit the ogre.
The ogre is poisoned.
The ogre is moderately wounded.
The ogre hits you with a +0 giant club.
You die...

#..## #.# #...#
#.#
#...########.#
#............#
##.....⌠#⌠...#
........#####..##
#..##...+# #+.r#
#. #..## ##O# #
...⌠# #@# ....##
### ####. #.


You could see an ogre and a rat.

Vanquished Creatures
  Sigmund (D:3)
  An ogre (D:4)
  A big kobold (D:4)
  A scorpion (D:4)
  A hound (D:3)
  A bullfrog skeleton (D:4)
  2 orc priests (D:4)
  Ijyb (D:3)
  Natasha (thrice) (D:2)
  An orc wizard (D:3)
  2 worker ants (D:4)
  5 adders
  2 oozes
  An adder skeleton (D:4)
  2 worms
  A dart slug (D:1)
  3 leopard geckos
  14 orcs
  8 bats
  5 giant cockroaches
  4 goblins
  6 hobgoblins
  A ball python (D:2)
  A ball python skeleton (D:4)
  6 frilled lizards
  6 kobolds
  9 rats
89 creatures vanquished.

Notes
Turn   | Place    | Note
-------+----------+-------------------------------------------
     0 | D:1      | Kagalorn the Minotaur Hunter began the quest for the Orb.
     0 | D:1      | Reached XP level 1. HP: 18/18 MP: 0/0
   577 | D:1      | Reached XP level 2. HP: 25/25 MP: 1/1
   685 | D:1      | Reached skill level 5 in Crossbows
  1111 | D:1      | Reached XP level 3. HP: 28/30 MP: 2/2
  1524 | D:2      | Noticed Natasha
  1533 | D:2      | Killed Natasha
  1533 | D:2      | Reached skill level 6 in Crossbows
  1533 | D:2      | Reached XP level 4. HP: 35/37 MP: 3/3
  1635 | D:2      | Noticed Natasha
  1641 | D:2      | Killed Natasha
  1711 | D:2      | Noticed Natasha
  1716 | D:2      | Killed Natasha
  1716 | D:2      | Reached XP level 5. HP: 45/45 MP: 4/4
  1795 | D:2      | Found a shadowy altar of Dithmenos.
  2279 | D:3      | Reached skill level 7 in Crossbows
  2295 | D:3      | Found a hide-covered altar of Uskayaw.
  2574 | D:3      | Noticed Sigmund
  2753 | D:3      | Noticed Ijyb
  2764 | D:3      | Killed Ijyb
  2764 | D:3      | Reached XP level 6. HP: 52/52 MP: 5/5
  2794 | D:3      | Found a shimmering blue altar of Sif Muna.
  2927 | D:3      | Killed Sigmund
  2927 | D:3      | Reached skill level 8 in Crossbows
  2997 | D:4      | Reached XP level 7. HP: 60/60 MP: 6/6
  3043 | D:4      | Reached skill level 5 in Fighting
  3219 | D:4      | Got a translucent spear
  3317 | D:4      | Reached skill level 9 in Crossbows
  3365 | D:4      | Slain by an ogre

Levels and vault maps discovered:
D:1:      erik_arrival_triangle_small, layout_basic
D:2:      layout_loops_cross, first_ration,
          nicolae_dithmenos_through_a_glass_darkly, uniq_natasha
D:3:      layout_rooms, led_sif_pool, eat_drink_and_be_merry_uskayaw,
          uniq_sigmund, uniq_ijyb
D:4:      layout_basic, grunt_temple_overflow_growth_and_decay,
          nicolae_overflow_quartered_altars, gup_sewer_entry_bubbles,
          serial_forest, infiniplex_forest_clump_long,
          infiniplex_forest_clump_medium, infiniplex_forest_lined_3_way,
          infiniplex_forest_straight_3

Skill      XL: |  1  2  3  4  5  6  7 |
---------------+----------------------+-----
Crossbows      | 5 6 7 8 9 |  9.1
Fighting       | 3 4 5 |  5.7
Dodging        | |  2.1
Stealth        | |  0.7

Action                   |  1- 3 |  4- 6 |  7- 9 || total
-------------------------+-------+-------+-------++-------
Melee: Short sword       |     9 |       |       ||     9
       Whip              |    47 |   114 |    55 ||   216
       Headbutt          |     8 |    12 |    12 ||    32
  Use: Potion            |       |       |     2 ||     2
  Eat: Chunk             |     2 |     4 |     2 ||     8
Armor: Leather armour    |    13 |    16 |       ||    29
       Ring mail         |       |    11 |       ||    11
       Chain mail        |       |     7 |    27 ||    34
Dodge: Dodged            |    30 |    70 |    10 ||   110

Table legend:
 A = Non-vault XP
 B = Vault XP
 C = Vault XP percentage of total XP
 D = Non-vault monster count
 E = Vault monster count
 F = Vault count percentage of total count
                 A         B        C        D         E       F
            +---------+---------+-------+---------+---------+-------
      Total |     832 |     294 |  26.1 |      86 |       3 |   3.4
            +---------+---------+-------+---------+---------+-------
        D:1 |      45 |       0 |   0.0 |      24 |       0 |   0.0
        D:2 |     158 |      35 |  18.1 |      29 |       1 |   3.3
        D:3 |     141 |     259 |  64.8 |      17 |       2 |  10.5
        D:4 |     488 |       0 |   0.0 |      16 |       0 |   0.0
            +---------+---------+-------+---------+---------+-------
